 Dungeon Crawl Stone Soup version 0.31-a0-234-gad7ace16ef (webtiles) character file.

Game seed: 10890312149842990526

8185 Nattfarinn the Fighter (level 11, -10/138 HPs)
             Began as a Merfolk Hexslinger on July 10, 2023.
             Was a Priest of Okawaru.
             Shot with an arrow by a centaur warrior (24 damage)
             ... on level 10 of the Dungeon.
             The game lasted 00:42:37 (12531 turns).

Nattfarinn the Fighter (Merfolk Hexslinger)        Turns: 12531, Time: 00:42:38

Health: -10/138    AC: 18    Str: 10    XL:     11   Next: 26%
Magic:  5/17       EV: 15    Int: 13    God:    Okawaru [***...]
Gold:   252        SH:  5    Dex: 18    Spells: 4/18 levels left

rFire   + + .        p - +1 sling of the Mind {speed, rC+ Will+ Str+2}
rCold   + + .        (no shield)
rNeg    + + .        D - +0 acid dragon scales
rPois   +            j - +1 helmet
rElec   +            (no cloak)
rCorr   +            A - +2 pair of gloves
SInv    .            L - +0 pair of boots
Will    +....        g - amulet of reflection Stlth
                     w - +4 ring of protection
HPRegen 0.43/turn    t - ring "Ineuzeim" {rF+ rN++ Dex-3}
MPRegen 0.15/turn

%: reflection
@: mighty, brilliant, berserking, resistant, heroic, attractive, very slightly
contaminated, hasted, studying Shields, very quick
A: (nimble swimmer 2), mertail
a: Renounce Religion, Heroism


You were on level 10 of the Dungeon.
You worshipped Okawaru.
Okawaru was most pleased with you.
You visited 2 branches of the dungeon, and saw 11 of its levels.

You collected 562 gold pieces.
You spent 310 gold pieces at shops.

Inventory:

Hand Weapons
 a - a +1 sling
 p - the +1 sling of the Mind (weapon) {speed, rC+ Will+ Str+2}
   (You found it on level 2 of the Dungeon)

   Str:       It affects your strength (+2).
   rC:        It protects you from cold.
   Will:      It increases your willpower.
 z - a +0 long sword of freezing
 H - a +1 whip of electrocution
 J - the +6 short sword "Agugruom" {chaos, rCorr}
   (You took it off a kobold brigand on level 7 of the Dungeon)

   rCorr:     It protects you from acid and corrosion.
Missiles
 I - 2 throwing nets
Armour
 c - a +0 robe
 j - a +1 helmet (worn)
 A - a +2 pair of gloves (worn)
 D - +0 acid dragon scales (worn)
 L - a +0 pair of boots (worn)
 O - a +1 leather armour of positive energy
Jewellery
 f - a ring of protection from cold
 g - an amulet of reflection (around neck)
 l - an amulet of faith
 t - the ring "Ineuzeim" (right hand) {rF+ rN++ Dex-3}
   (You found it on level 3 of the Dungeon)

   [ring of protection from fire]

   Dex:       It affects your dexterity (-3).
   rF:        It protects you from fire.
   rN:        It greatly protects you from negative energy.
 w - a +4 ring of protection (left hand)
 y - a +5 ring of evasion
 F - a +5 ring of evasion
 P - a ring of positive energy
Wands
 i - a wand of flame (7)
 C - a wand of polymorph (3)
Scrolls
 b - a scroll of poison
 e - a scroll of teleportation
 k - 3 scrolls of noise
 m - 2 scrolls of vulnerability
 o - a scroll of silence
 r - a scroll of fog
 u - a scroll of brand weapon
 G - a scroll of immolation
Potions
 d - a potion of might
 h - a potion of magic {unknown}
 n - 3 potions of attraction
 q - 2 potions of resistance
 s - a potion of berserk rage
 v - a potion of invisibility {unknown}
 x - 2 potions of enlightenment {unknown}
 B - a potion of brilliance
 N - a potion of lignification {unknown}
 R - a potion of cancellation {unknown}
 U - a potion of ambrosia {unknown}
Miscellaneous
 S - a piece from Xom's chessboard (15/15)


   Skills:
 - Level 10.5(15.5) Fighting
 - Level 6.8(11.8) Ranged Weapons
 - Level 2.6(7.6) Dodging
 - Level 4.6(9.6) Shields
 + Level 4.0 Spellcasting
 - Level 9.1 Hexes
 * Level 6.5 Poison Magic


You had 4 spell levels left.
You knew the following spells:

 Your Spells              Type           Power      Damage    Failure   Level
a - Slow                  Hex            100%       N/A       1%          1
b - Inner Flame           Hex/Fire       21%        N/A       14%         3
c - Cause Fear            Hex            19%        N/A       7%          4
d - Olgreb's Toxic Radia  Pois           29%        N/A       21%         4
e - Poisonous Vapours     Pois/Air       32%        N/A       12%         2

Your spell library contained the following spells:

 Spells                   Type           Power      Damage    Failure   Level
 Sting                    Tmut/Pois      64%        1d6       9%          1
 Portal Projectile        Hex/Tloc       42%        N/A       14%         3
 Blink                    Tloc           6%         N/A       43%         2
 Lesser Beckoning         Tloc           6%         N/A       43%         2
 Momentum Strike          Conj/Tloc      6%         3d8       43%         2
 Fulminant Prism          Conj/Hex       10%        3d9       43%         4
 Ozocubu's Armour         Ice            3%         N/A       67%         3
 Stone Arrow              Conj/Erth      6%         3d7       67%         3
 Volatile Blastmotes      Fire/Tloc      6%         2d10      67%         3
 Iskenderun's Mystic Bla  Conj/Tloc      3%         2d3       97%         4
 Lee's Rapid Deconstruct  Erth           1%         3d4*      100%        5
 Ozocubu's Refrigeration  Ice            1%         4d7       100%        7
 Lehudib's Crystal Spear  Conj/Erth      1%         10d2      100%        8
 Animate Armour           Summ/Erth      Unusable   N/A       N/A         4

Dungeon Overview and Level Annotations

Branches:
Dungeon (10/15)            Temple (1/1) D:5             Orc (0/2) D:9
   Lair: D:8-11

Altars:
Ashenzari
Cheibriados
Dithmenos
Elyvilon
Hepliaklqana
Kikubaaqudgha
Makhleb
Nemelex Xobeh
Okawaru
Ru
Trog
Vehumet
Wu Jian
Xom
Yredelemnul
Zin

Shops:
D:1 *   D:6 (   D:9 *:(

Annotations:
D:4 3 runed translucent doors, paps's ghost, amateur OpSu
D:9 2 transporters, MacCMillion's ghost, novice SpHu


Innate Abilities, Weirdness & Mutations

((You are very nimble when in or above water. (Stealth+, EV+, Speed+++)))
Your lower body shifts to a powerful aquatic tail in water.


Message History

The centaur warrior is heavily wounded.
You are mighty.
You are brilliant.
You are resistant to the elements.
You possess the skills of a mighty hero.
You attract monsters toward you.
You are very lightly contaminated with residual magic.
Your actions are hasted.
You are studying Shields.
Your movement speed is very quick.
Your attack delay is about 0.3.
Your damage rating with the +1 sling of the Mind {speed, rC+ Will+ Str+2} is about 14 (Base 7 x 120% (Dex) x 154% (Skill) + 1 (Ench)).
Your base attributes are Str 8, Int 13, Dex 21.
Fire: p) +1 sling of the Mind {speed, rC+ Will+ Str+2}
Press: ? - help, Shift-Dir - straight line, f/p - centaur warrior
Aim: a centaur warrior, wielding a staff of fire (heavily wounded, very poisoned, 76% to hit)
You shoot a sling bullet.
The sling bullet hits the centaur warrior but does no damage.
The centaur warrior is heavily wounded.
The centaur warrior hits you with a staff of fire.
* * * LOW HITPOINT WARNING * * *
The centaur warrior burns you.
* * * LOW HITPOINT WARNING * * *
The centaur warrior completely misses you.
Unknown command.
Fire: p) +1 sling of the Mind {speed, rC+ Will+ Str+2}
Press: ? - help, Shift-Dir - straight line, f/p - centaur warrior
Aim: a centaur warrior, wielding a staff of fire (heavily wounded, very poisoned, 76% to hit)
You shoot a sling bullet.
The sling bullet hits the centaur warrior but does no damage.
The centaur warrior is heavily wounded.
Okay, then.
Okay, then.
It was a potion of berserk rage.
A red film seems to cover your vision as you go berserk!
You feel yourself moving faster!
You feel mighty! The centaur warrior barely misses you.
You block the centaur warrior's attack.
You feel a strong urge to attack something.
You are too injured to fight recklessly!
You are too berserk!
You are too berserk!
The centaur warrior wields a +2 heavy shortbow.
The centaur warrior shoots an arrow.
The arrow hits you!!
You die...

.....#.#..Y#....
....#####.#......
..............Y(.
.............Yc##
####.......####.##
#...#######...##.##
.#..#######..#.c#.#
####[.#.#..#####.#.#
#...##...##...##@##..
.#...##.##...#.##.#....
..#.#.###.#.#..#..# ...#
...###...###...#..# ...#
#.###..#..###.#.##...#.#
##.#.#...#.#.##.# .....#
.##...#.#...# .## .....#
..#.#..#(.#.#.. .....#
.##...#.#...##. .....#


You could see a centaur warrior (very poisoned).

Vanquished Creatures
  Pikel (D:6)
  2 unseen horrors (D:9)
  A komodo dragon (D:9)
  A tengu conjurer (D:10)
  A troll (D:10)
  A hornet (D:8)
  Prince Ribbit (D:7)
  2 shadows
  A wyvern (D:8)
  A wraith (D:10)
  6 yaks (D:9)
  Menkaure (D:7)
  An acid dragon (D:9)
  A sky beast (D:7)
  2 ice beasts
  2 orc warriors
  A black bear (D:10)
  An ogre (D:5)
  3 lemures
  6 centaurs
  A phantom (D:4)
  2 kobold brigands
  8 bullfrogs
  3 gnoll sergeants
  5 scorpions
  12 wights
  A killer bee (D:9)
  3 howler monkeys (D:9)
  6 hounds
  4 jellies
  6 orc priests
  3 gnoll boudas (D:7)
  5 iguanas
  A sleepcap (D:6)
  12 orc wizards
  Natasha (thrice) (D:3)
  Robin (D:4)
  12 gnolls
  7 adders
  A worm (D:2)
  5 dart slugs
  23 orcs
  11 bats
  7 endoplasms
  3 giant cockroaches
  3 hobgoblins
  3 jackals
  2 quokkas
  6 ball pythons
  A frilled lizard (D:1)
  20 goblins
  12 kobolds
  2 rats
230 creatures vanquished.

Vanquished Creatures (others)
  An unseen horror (D:10)
  2 orcs (D:9)
3 creatures vanquished.

Grand Total: 233 creatures vanquished

Notes
Turn   | Place    | Note
-------+----------+-------------------------------------------
     0 | D:1      | Nattfarinn the Merfolk Hexslinger began the quest for the
                  | Orb.
     0 | D:1      | Reached XP level 1. HP: 15/15 MP: 2/2
    65 | D:1      | Found Ehaxkyot's General Store.
   110 | D:1      | Reached XP level 2. HP: 21/21 MP: 3/3
   222 | D:1      | Reached skill level 2 in Fighting
   222 | D:1      | Reached XP level 3. HP: 21/27 MP: 4/4
   605 | D:2      | Identified the +1 sling of the Mind {speed, rC+ Will+
                  | Str+2}
  1026 | D:3      | Found a shadowy altar of Dithmenos.
  1058 | D:3      | Identified the ring "Ineuzeim" {rF+ rN++ Dex-3}
  1100 | D:3      | Reached XP level 4. HP: 34/34 MP: 5/5
  1522 | D:3      | Noticed Natasha
  1533 | D:3      | Killed Natasha
  1592 | D:3      | Noticed Natasha
  1602 | D:3      | Killed Natasha
  1603 | D:3      | Reached skill level 3 in Fighting
  1603 | D:3      | Reached XP level 5. HP: 24/41 MP: 6/6
  2320 | D:3      | Noticed Natasha
  2331 | D:3      | Killed Natasha
  2375 | D:4      | Noticed a phantom
  2392 | D:4      | Killed a phantom
  2493 | D:4      | Reached XP level 6. HP: 47/47 MP: 7/7
  2655 | D:4      | Found a snail-covered altar of Cheibriados.
  2697 | D:4      | Noticed Robin
  2774 | D:4      | Found a runed translucent gate.
  2775 | D:4      | Found a runed translucent gate.
  2775 | D:4      | Found a runed translucent gate.
  2796 | D:4      | Noticed paps's ghost (amateur OpSu)
  2842 | D:4      | Reached skill level 4 in Fighting
  3171 | D:4      | Killed Robin
  3448 | D:5      | Entered Level 5 of the Dungeon
  3448 | D:5      | Found a staircase to the Ecumenical Temple.
  3466 | Temple   | Entered the Ecumenical Temple
  4049 | Temple   | Reached skill level 5 in Ranged Weapons
  4049 | Temple   | Reached XP level 7. HP: 55/55 MP: 8/8
  4594 | Temple   | Reached skill level 5 in Fighting
  4704 | D:5      | Found a bloodstained altar of Trog.
  4704 | D:5      | Found an ornate altar of the Wu Jian Council.
  5151 | D:6      | Reached XP level 8. HP: 45/63 MP: 9/9
  5252 | D:6      | Learned a level 3 spell: Inner Flame
  5343 | D:6      | Noticed a shadow
  5347 | D:6      | Killed a shadow
  5360 | D:6      | Reached skill level 5 in Hexes
  5491 | D:6      | Found Jyiryl's Weapon Shop.
  5644 | D:7      | Noticed Prince Ribbit
  5719 | D:6      | Learned a level 4 spell: Cause Fear
  6050 | D:7      | Noticed Menkaure
  6068 | D:7      | Killed Menkaure
  6069 | D:7      | Reached XP level 9. HP: 45/69 MP: 10/10
  6231 | D:7      | Killed Prince Ribbit
  6627 | D:7      | Found an iron altar of Okawaru.
  6635 | D:7      | Became a worshipper of Warmaster Okawaru
  6661 | D:7      | Reached skill level 6 in Fighting
  6724 | D:7      | Found a large runed translucent door.
  6724 | D:7      | Found a large runed translucent door.
  6725 | D:7      | Found a shimmering altar of Xom.
  6745 | D:7      | Identified the +6 short sword "Agugruom" {chaos, rCorr}
  6876 | D:7      | Noticed Pikel
  7049 | D:7      | Reached skill level 7 in Fighting
  7234 | D:6      | Killed Pikel
  7235 | D:6      | Reached skill level 8 in Fighting
  7265 | D:7      | Reached XP level 10. HP: 82/82 MP: 11/11
  7366 | D:7      | Found a sacrificial altar of Ru.
  7399 | D:7      | Found a hazy altar of Hepliaklqana.
  7582 | D:7      | Reached * piety under Okawaru
  7599 | D:7      | Reached skill level 9 in Fighting
  8355 | D:8      | Reached skill level 10 in Fighting
  9394 | D:8      | Paralysed by a hornet for 1 turns
  9784 | D:9      | Found a transporter.
  9786 | D:9      | Noticed MacCMillion's ghost (novice SpHu)
  9810 | D:9      | Found a transporter.
 10230 | D:9      | Reached ** piety under Okawaru
 10290 | D:9      | Found a staircase to the Orcish Mines.
 10315 | D:9      | Found Aghyewn's Book Emporium.
 10318 | D:9      | Bought a Young Poisoner's Handbook for 240 gold pieces
 10356 | D:9      | Reached skill level 1 in Poison Magic
 10402 | D:9      | Found Pihonyub's General Store.
 10410 | D:9      | Bought a scroll of identify for 20 gold pieces
 10410 | D:9      | Bought a potion of heal wounds for 50 gold pieces
 10489 | D:9      | Found Acvak's Antique Weapon Emporium.
 10543 | D:10     | Entered Level 10 of the Dungeon
 10764 | D:9      | HP: 4/86 [something (8)]
 11003 | D:9      | Learned a level 4 spell: Olgreb's Toxic Radiance
 11105 | D:9      | Reached *** piety under Okawaru
 11124 | D:9      | Reached XP level 11. HP: 47/92 MP: 12/15
 11269 | D:9      | Learned a level 2 spell: Poisonous Vapours
 11373 | D:10     | Reached skill level 5 in Poison Magic
 11397 | D:10     | Noticed a cyclops
 12163 | D:10     | Noticed a centaur warrior
 12531 | D:10     | Shot with an arrow by a centaur warrior

Illustrated notes

Levels and vault maps discovered:
D:1:      enne_arrival_octagon_isle, layout_rooms, serial_shops,
          nicolae_diamond_shop, st_stairs_1
D:2:      layout_rooms, due_unseen_surprise
D:3:      layout_basic, mainiacjoe_overflow_24_doors,
          kennysheep_cross_bottleneck, dk_noncrumbling_3, uniq_natasha
D:4:      layout_loops_corners, lemuel_crystal_altar,
          biasface_ghost_orc_armoury, uniq_robin
D:5:      layout_rooms, amethyst_overflow_temple_binary,
          minmay_temple_entry_drinking_statues
D:6:      cheibrodos_barr_body, layout_rooms, serial_shops, shop
D:7:      due_chaos_kobolds, layout_cave_pools, lemuel_tele_altar,
          lemuel_coloured_pillars_altar, overflow_temple_1_default,
          serial_gnoll_camp, gnoll_camp_mini_basic, gnoll_camp_mini_hut,
          gnoll_camp_mini_doghouse, gnoll_camp_mini_hut,
          kennysheep_generic_room_4, uniq_crazy_yiuf_cottage, uniq_pikel,
          uniq_prince_ribbit1, uniq_menkaure
D:8:      layout_rooms, nicolae_benzene_ring
D:9:      layout_rooms, david_orc_3, gammafunk_ghost_arena, serial_shops, shop,
          nicolae_diamond_shop, kennysheep_mini_moat
D:10:     minmay_ornate_pinched, layout_cave_pools, minitemple, led_sif_book,
          grunt_lair_entry_orc_guard_hut, enter_bailey_5
Temple:   chequers_temple_sunken

Skill      XL: |  1  2  3  4  5  6  7  8  9 10 11 |
---------------+----------------------------------+-----
Ranged Weapons | 2 3 4 5 6 |  6.8
Fighting       | 2 3 4 5 8 10 | 10.5
Hexes          | 7 9 |  9.1
Shields        | 4 |  4.6
Poison Magic   | 4 6 |  6.5
Spellcasting   | 2 4 |  4.0
Dodging        | |  2.6

Action                     |  1- 3 |  4- 6 |  7- 9 | 10-12 || total
---------------------------+-------+-------+-------+-------++-------
  Melee: Unarmed           |       |     4 |       |       ||     4
   Fire: Sling             |   104 |   203 |   453 |   612 ||  1372
   Cast: Slow              |     3 |       |       |     3 ||     6
         Inner Flame       |       |       |    11 |    28 ||    39
         Cause Fear        |       |       |     1 |     5 ||     6
         Olgreb's Toxic Ra |       |       |       |    11 ||    11
         Poisonous Vapours |       |       |       |     2 ||     2
 Invoke: Heroism           |       |       |       |     1 ||     1
  Evoke: Wand              |       |       |     9 |    15 ||    24
    Use: Scroll            |       |       |     2 |    19 ||    21
         Potion            |       |       |     1 |    10 ||    11
 Armour: Robe              |     8 |     6 |    36 |    19 ||    69
         Skin              |       |     8 |       |       ||     8
         Acid dragon scale |       |       |       |   154 ||   154
         Leather armour    |       |       |       |     6 ||     6
  Dodge: Dodged            |    22 |    28 |   107 |   186 ||   343
  Block: Other             |     6 |    12 |    34 |    90 ||   142
         Reflection        |       |       |     8 |     7 ||    15

Table legend: (Time is in decaauts)
 A = Elapsed time spent in this place.
 B = Non-inter-level travel time spent in this place.
 C = Inter-level travel time spent in this place.
 D = Time resting spent in this place.
 E = Time spent auto-exploring this place.
 F = Levels seen in this place.
 G = Mean time per level.
                   A        B        C        D        E       F      G
               +--------+--------+--------+--------+--------+-----+--------+
         Total |  12148 |  10508 |   1640 |   2931 |   5466 |  11 | 1104.4 |
       Dungeon |  11325 |   9730 |   1595 |   2351 |   5333 |  10 | 1132.5 |
        Temple |    822 |    777 |     45 |    580 |    133 |   1 |  822.0 |
               +--------+--------+--------+--------+--------+-----+--------+

Top non-repeatable levels by time:
     D:7: 2057 daAuts
     D:8: 1741 daAuts
     D:9: 1501 daAuts
     D:6: 1465 daAuts
     D:3: 1344 daAuts
     D:4: 1111 daAuts
  Temple: 822 daAuts
     D:5: 597 daAuts
     D:1: 545 daAuts
    D:10: 493 daAuts
     D:2: 466 daAuts
